 Dungeon Crawl Stone Soup version 0.24-a0-160-gfa3a8d6 (webtiles) character file.

Game seed: 14774109254162518485

1754 galech the Chopper (level 8, -11/62 HPs)
             Began as a Demonspawn Fighter on Mar 5, 2019.
             Was a Believer of Okawaru.
             Mangled by a red ugly thing (19 damage)
             ... on level 6 of the Dungeon.
             The game lasted 00:07:36 (5699 turns).

galech the Chopper (Demonspawn Fighter)             Turns: 5699, Time: 00:07:37

Health: -11/62     AC: 16    Str: 17    XL:     8   Next: 78%
Magic:  8/8        EV:  4    Int:  9    God:    Okawaru [**....]
Gold:   280        SH: 10    Dex: 15    Spells: 7/7 levels left

rFire    . . .     SeeInvis .   a - +1 war axe
rCold    . . .     Gourm    .   c - +0 shield
rNeg     . . .     Faith    .   w - +0 plate armour
rPois    .         Spirit   .   (helmet restricted)
rElec    .         Reflect  .   n - +0 cloak
rCorr    .         Harm     .   (no gloves)
MR       .....                  (no boots)
Stlth    ..........             (no amulet)
HPRegen  0.20/turn              (no ring)
MPRegen  0.11/turn              (no ring)

@: no status effects
A: horns 1, molten scales 2, powered by pain 2
a: Heroism, Renounce Religion


You were on level 6 of the Dungeon.
You worshipped Okawaru.
Okawaru was pleased with you.
You were not hungry.

You visited 1 branch of the dungeon, and saw 6 of its levels.

You collected 280 gold pieces.

Inventory:

Hand Weapons
 a - a +1 war axe (weapon)
Armour
 c - a +0 shield (worn)
 n - a +0 cloak (worn)
 w - a +0 plate armour (worn)
Jewellery
 z - an uncursed ring of wizardry
 A - an uncursed ring of magical power
Wands
 x - a wand of flame (15)
Scrolls
 e - a scroll of fear
 g - a scroll of enchant weapon
 h - a scroll of magic mapping
 i - 2 scrolls of fog {unknown}
 j - 2 scrolls of amnesia {unknown}
 k - a scroll of immolation
 p - a scroll of remove curse
 q - 2 scrolls of noise
 s - 2 scrolls of teleportation {unknown}
 t - 2 scrolls of enchant armour {unknown}
 v - a scroll of torment {unknown}
 y - 2 scrolls of identify
Potions
 b - a potion of degeneration {unknown}
 d - 2 potions of might
 l - 2 potions of haste {unknown}
 m - a potion of flight {unknown}
 o - 2 potions of heal wounds {unknown}
 r - 2 potions of curing {unknown}
 u - a potion of mutation {unknown}
Comestibles
 f - 15 rations
 B - 4 chunks of flesh


   Skills:
 + Level 5.2 Fighting
 + Level 7.2 Axes
 + Level 4.7 Armour
 + Level 2.2 Dodging
 + Level 0.1 Stealth
 + Level 5.1 Shields
 + Level 0.3 Invocations


You had 7 spell levels left.
You didn't know any spells.
Your spell library was empty.

Dungeon Overview and Level Annotations

Branches:
Dungeon (6/15)             Temple (0/1) D:6

Altars:
Dithmenos
Elyvilon
Hepliaklqana
Okawaru
Qazlal
Sif Muna
Xom


Innate Abilities, Weirdness & Mutations

You have a pair of small horns on your head.
You are mostly covered in molten scales. (AC +3)
You sometimes gain power by taking damage.


Message History

* * * LOW HITPOINT WARNING * * *
You are too injured to fight recklessly!
You are too injured to fight recklessly!
You are too injured to fight recklessly!
You are too injured to fight recklessly!
You are too injured to fight recklessly!
You are too injured to fight recklessly!
You are too injured to fight recklessly!
You are too injured to fight recklessly!
You are too injured to fight recklessly!
You are too injured to fight recklessly!
You are too injured to fight recklessly!
The red ugly thing tail-slaps you but does no damage.
There is an escape hatch in the ceiling here.
You see here a scorpion corpse.
Okay, then.
The red ugly thing tail-slaps you.
* * * LOW HITPOINT WARNING * * *
You are engulfed in flames!!
You die...

.......'..............#
###....###########.####
#........# #...#.#
########.# #.#.#.# ..
#.# #.#.#.#
....#.#####.#.#.#
.....#.....#.#.#.######
#...............()....#
#...........†u@..####.#
#...>......<##.#.<..#
............##.#.##.#
#...........##.#.# #
#..............#.#
#.........######.#
#.§######## #.# #.# ..


You could see a red ugly thing.

Vanquished Creatures
  Edmund (D:3)
  2 orc warriors (D:6)
  2 phantoms
  A sky beast (D:6)
  2 ogres
  A big kobold (D:6)
  2 scorpions
  A howler monkey (D:3)
  2 crimson imps
  A bullfrog skeleton (D:6)
  4 hounds (D:4)
  A jelly (D:6)
  4 orc wizards
  2 orc priests (D:4)
  2 iguanas
  3 worker ants
  A hound zombie (D:6)
  2 gnolls (D:2)
  7 adders
  2 shadow imps
  2 oozes
  An adder zombie (D:6)
  3 dart slugs
  3 leopard geckos
  13 orcs
  10 bats
  4 giant cockroaches
  5 goblins
  7 hobgoblins
  13 jackals
  4 quokkas
  A ball python skeleton (D:4)
  5 frilled lizards
  A jackal zombie (D:6)
  6 kobolds
  A leopard gecko skeleton (D:6)
  A quokka skeleton (D:4)
  A quokka zombie (D:6)
  7 rats
131 creatures vanquished.

Notes
Turn   | Place    | Note
-------+----------+-------------------------------------------
     0 | D:1      | galech the Demonspawn Fighter began the quest for the Orb.
     0 | D:1      | Reached XP level 1. HP: 18/18 MP: 1/1
   173 | D:1      | Gained mutation: You sometimes gain a little power by
                  | taking damage. [demonic ancestry]
   173 | D:1      | Reached XP level 2. HP: 21/24 MP: 2/2
   175 | D:1      | Reached skill level 2 in Axes
   748 | D:2      | Gained mutation: You are partially covered in molten
                  | scales. (AC +2) [demonic ancestry]
   748 | D:2      | Reached XP level 3. HP: 26/29 MP: 3/3
   938 | D:2      | Reached skill level 1 in Dodging
  1257 | D:2      | Gained mutation: You have a pair of small horns on your
                  | head. [demonic ancestry]
  1257 | D:2      | Reached XP level 4. HP: 34/35 MP: 4/4
  1332 | D:2      | Found a shimmering altar of Xom.
  1333 | D:2      | Found a hazy altar of Hepliaklqana.
  1333 | D:2      | Noticed a hell beast
  1337 | D:2      | Noticed a spectral ugly thing
  1337 | D:2      | Noticed a hell beast
  1891 | D:3      | Reached skill level 3 in Axes
  2220 | D:3      | Found a deep blue altar of Sif Muna.
  2221 | D:3      | Found a stormy altar of Qazlal.
  2221 | D:3      | Found a shadowy altar of Dithmenos.
  2225 | D:3      | Found an iron altar of Okawaru.
  2309 | D:3      | Became a worshipper of Warmaster Okawaru
  2417 | D:4      | Noticed Edmund
  2418 | D:4      | Noticed an ogre
  2431 | D:3      | Reached XP level 5. HP: 30/41 MP: 5/5
  2464 | D:3      | Killed Edmund
  2464 | D:3      | Gained mutation: You are mostly covered in molten scales.
                  | (AC +3) [demonic ancestry]
  2464 | D:3      | Reached XP level 6. HP: 6/47 MP: 6/6
  2743 | D:4      | Reached * piety under Okawaru
  2743 | D:4      | Reached skill level 4 in Axes
  3060 | D:4      | Gained mutation: You sometimes gain power by taking damage.
                  | [demonic ancestry]
  3060 | D:4      | Reached XP level 7. HP: 53/53 MP: 7/7
  3309 | D:4      | Reached skill level 5 in Axes
  3348 | D:5      | Entered Level 5 of the Dungeon
  4510 | D:5      | Found a white marble altar of Elyvilon.
  4742 | D:6      | Reached ** piety under Okawaru
  4742 | D:6      | Reached XP level 8. HP: 56/61 MP: 8/8
  4820 | D:6      | Reached skill level 6 in Axes
  5023 | D:6      | Found a staircase to the Ecumenical Temple.
  5220 | D:6      | Reached skill level 5 in Shields
  5258 | D:6      | Reached skill level 5 in Fighting
  5374 | D:6      | Reached skill level 7 in Axes
  5681 | D:6      | Noticed a red ugly thing
  5699 | D:6      | Mangled by a red ugly thing

Levels and vault maps discovered:
D:1:      lemuel_arrival_broad_hall, layout_rooms
D:2:      layout_loops_ring, regret_index_temple_of_mockery, first_ration,
          serial_bayou_lagoon_b
D:3:      layout_basic, minitemple
D:4:      layout_rooms, kennysheep_generic_room_12, uniq_edmund
D:5:      layout_cave_pools, elyvilon_altar_3, lemuel_flamethrower_2
D:6:      minmay_opposing_rooms, layout_basic, minmay_temple_entry_purple_smoke

Skill      XL: |  1  2  3  4  5  6  7  8 |
---------------+-------------------------+-----
Axes           | 2 3 4 5 7 |  7.2
Shields        | 3 4 5 |  5.1
Dodging        | 1 2 |  2.2
Armour         | 3 4 |  4.7
Fighting       | 4 5 |  5.2
Stealth        | |  0.1
Invocations    | |  0.3

Action                   |  1- 3 |  4- 6 |  7- 9 || total
-------------------------+-------+-------+-------++-------
Melee: War axe           |   114 |   142 |   243 ||   499
       Headbutt          |       |    31 |    48 ||    79
Invok: Heroism           |       |       |     4 ||     4
  Use: Scroll            |       |       |     7 ||     7
  Eat: Chunk             |     1 |     6 |     9 ||    16
Armor: Scale mail        |    62 |    37 |       ||    99
       Chain mail        |       |    29 |    83 ||   112
       Plate armour      |       |       |    72 ||    72
Dodge: Dodged            |    30 |    30 |    41 ||   101
Block: Shield            |    60 |    67 |   114 ||   241

Table legend:
 A = Non-vault XP
 B = Vault XP
 C = Vault XP percentage of total XP
 D = Non-vault monster count
 E = Vault monster count
 F = Vault count percentage of total count
                 A         B        C        D         E       F
            +---------+---------+-------+---------+---------+-------
      Total |    1753 |     753 |  30.0 |     122 |       9 |   6.9
            +---------+---------+-------+---------+---------+-------
        D:1 |      30 |       0 |   0.0 |      17 |       0 |   0.0
        D:2 |      79 |       0 |   0.0 |      26 |       0 |   0.0
        D:3 |     128 |     169 |  56.9 |      18 |       1 |   5.3
        D:4 |     716 |     131 |  15.5 |      29 |       1 |   3.3
        D:5 |     151 |       0 |   0.0 |       9 |       0 |   0.0
        D:6 |     649 |     453 |  41.1 |      23 |       7 |  23.3
            +---------+---------+-------+---------+---------+-------
